 Dungeon Crawl Stone Soup version 0.31.0-1-g2c135a008e (webtiles) character file.

Game seed: 6910960307086201493

116 qw the Shooter (level 5, 0/40 HPs)
             Began as a Djinni Hunter on Jan 23, 2024.
             Slain by a hobgoblin (3 damage)
             ... led by Robin
             ... on level 3 of the Dungeon.
             The game lasted 00:00:09 (2046 turns).

qw the Shooter (Djinni Hunter)                      Turns: 2046, Time: 00:00:10

Health: 0/40       AC:  4    Str: 10    XL:     5   Next: 20%
Gold:   65         EV: 13    Int: 11    God:
                   SH:  0    Dex: 18

rFire   + + .        a - +0 shortbow
rCold   x . .        (shield currently unavailable)
rNeg    . . .        c - +0 leather armour
rPois   inf          b - +0 helmet
rElec   .            (no cloak)
rCorr   .            (no gloves)
SInv    .            (boots unavailable)
Will    .....        (no amulet)
Stlth   ++           (no ring)
HPRegen 0.26/turn    (no ring)
MPRegen 0.00/turn

%: infuse magic (-1 HP)
@: flying
A: sickness immunity, fire resistance 2, cold vulnerability 1, float, innate
caster, HP casting, extra vitality 1
a: no special abilities


You were on level 3 of the Dungeon.
You visited 1 branch of the dungeon, and saw 3 of its levels.

You collected 65 gold pieces.


Innate Abilities, Weirdness & Mutations

You are immune to sickness and miasma.
You are immune to poison.
Your flesh is very heat resistant. (rF++)
You are vulnerable to cold. (rC-)
You float through the air rather than walking.
You learn spells naturally, not from books.
Your magical power is your life essence.
You have superior vitality. (+4 MHP)


   Skills:
 - Level 3.1 Fighting
 + Level 4.2 Ranged Weapons
 - Level 3.2 Dodging
 - Level 0.7 Stealth


You knew the following spells:

 Your Spells              Type           Power      Damage    Failure   Level
a - Necrotise             Necr           0%         1d4       43%         1
b - Jinxbite              Hex            0%         N/A       58%         2
Your spell library was empty.

Inventory:

Hand Weapons
 a - a +0 shortbow (weapon)
Armour
 b - a +0 helmet (worn)
 c - a +0 leather armour (worn)
Scrolls
 d - a scroll of fear {unknown}
Potions
 g - a potion of curing
 i - a potion of might

Dungeon Overview and Level Annotations

Branches:
Dungeon (3/15)

Altars:


Message History

The goblin hits you with a +0 dagger. The goblin hits you with a +0 club.
Robin hits you but does no damage. The hobgoblin hits you.
The goblin hits you with a +0 dagger. The goblin closely misses you.
The hobgoblin misses you. The hobgoblin closely misses you.
Robin barely misses you. The goblin closely misses you.
You shoot an arrow. The arrow hits Robin.
Robin is severely wounded.
The goblin no longer looks unusually strong. x2
The hobgoblin barely misses you. The goblin hits you with a +0 dagger.
The goblin closely misses you.
The hobgoblin hits you but does no damage.
The goblin hits you with a +0 dagger.
Robin zaps a wand.
The puff of flame hits you. You resist.
You shoot an arrow. The arrow barely misses Robin.
The hobgoblin barely misses you. The goblin closely misses you.
The goblin barely misses you. The hobgoblin hits you.
The goblin hits you but does no damage.
Robin says, "Kneel, worm!"
Robin zaps a wand.
The puff of flame hits you. You resist.
You shoot an arrow. The arrow hits Robin.
Robin is severely wounded.
The hobgoblin hits you. The goblin closely misses you.
The goblin hits you but does no damage. x2; Robin zaps a wand.
The puff of flame hits you. You resist. The hobgoblin barely misses you.
The goblin hits you with a +0 dagger. The goblin barely misses you.
The hobgoblin hits you but does no damage.
The hobgoblin hits you.
Robin roars a battlecry!
The goblins go into a battle-frenzy!
The goblin hits you but does no damage.
You shoot an arrow. The arrow hits Robin!
You kill Robin!
The goblin misses you.
The hobgoblin hits you but does no damage.
The goblin closely misses you. The goblin hits you with a +0 dagger.
You shoot an arrow.
The arrow hits the hobgoblin but does no damage.
The hobgoblin closely misses you.
The goblin hits you but does no damage. x2
The hobgoblin hits you.
You die...

#... .#... ...+ #. )..#
)..# #... ... .%.# #..
#.# ...## .##..##.###
).). . ..>.......#
###..##.##
.......<..#####.ggK....#
................@g.##..
.........#.....ggg......
......#.#####..###.##.[#
##.##....# #..# .# .#
#.......# #..# .##..
#.####..## #..###.....
#.####...###.......#..
......................
#..###.#...##.........


You could see 3 hobgoblins, 3 goblins and a kobold.

Vanquished Creatures
  Jessica (D:3)
  Robin (D:3)
  3 gnolls (D:2)
  2 dart slugs (D:2)
  A ribbon worm (D:2)
  5 ball pythons
  5 endoplasms
  A giant cockroach (D:1)
  5 goblins
  5 hobgoblins
  2 bats
  A frilled lizard (D:1)
  7 kobolds
  7 rats
46 creatures vanquished.

Notes
Turn   | Place    | Note
-------+----------+-------------------------------------------
     0 | D:1      | qw the Djinni Hunter began the quest for the Orb.
     0 | D:1      | Reached XP level 1. HP: 18/18 MP: 0/0
     0 | D:1      | 0 ||| qw: Version: 0.3-a-135-gb77e89d
     0 | D:1      | 0 ||| qw: Game counter: 834
     0 | D:1      | 0 ||| qw: Melee chars always use a shield: true
     0 | D:1      | 0 ||| qw: God list: Okawaru
     0 | D:1      | 0 ||| qw: Allow faded altars: false
     0 | D:1      | 0 ||| qw: Do Orc after clearing Dungeon:15 true
     0 | D:1      | 0 ||| qw: Do second Lair branch before Depths: true
     0 | D:1      | 0 ||| qw: Lair rune preference: random
     0 | D:1      | 0 ||| qw: Goals: Normal
     0 | D:1      | 0 ||| PLANNING D:1-11
   432 | D:1      | Reached XP level 2. HP: 23/23 MP: 0/0
  1156 | D:1      | 1156 ||| READING scroll labelled TOCHUF CUXOROST.
  1157 | D:1      | 1157 ||| READING scroll labelled DAIZXU ZYCI.
  1158 | D:1      | 1158 ||| READING scroll labelled GEH ERPHEIDILIST.
  1158 | D:1      | 1158 ||| ENCHANTING +0 shortbow.
  1159 | D:1      | 1159 ||| READING scroll labelled KESANU PITIL.
  1162 | D:1      | 1162 ||| READING scroll labelled CIAGUH EGYQIMA.
  1162 | D:1      | 1162 ||| IDENTIFYING fuming orange potion
  1163 | D:1      | 1163 ||| DRINKING 2 bubbling blue potions.
  1197 | D:1      | 1197 ||| DROPPING scroll of butterflies.
  1198 | D:1      | 1198 ||| DROPPING potion of lignification.
  1285 | D:2      | Reached XP level 3. HP: 28/28 MP: 0/0
  1285 | D:2      | Learned a level 1 spell: Necrotise
  1297 | D:2      | Reached skill level 4 in Ranged Weapons
  1614 | D:2      | Reached skill level 3 in Fighting
  1614 | D:2      | Reached XP level 4. HP: 15/35 MP: 0/0
  1615 | D:2      | HP: 6/35 [gnoll/+0 halberd (10)]
  1955 | D:2      | 1955 ||| UPGRADING to +0 helmet.
  1960 | D:2      | 1960 ||| READING 2 scrolls of identify.
  1960 | D:2      | 1960 ||| IDENTIFYING cyan potion
  1961 | D:2      | 1961 ||| READING scroll of identify.
  1961 | D:2      | 1961 ||| IDENTIFYING golden potion
  1984 | D:3      | Noticed Jessica
  1985 | D:3      | Killed Jessica
  1986 | D:3      | Reached skill level 3 in Dodging
  2019 | D:3      | Reached XP level 5. HP: 40/40 MP: 0/0
  2019 | D:3      | Learned a level 2 spell: Jinxbite
  2025 | D:3      | Noticed Robin
  2038 | D:3      | HP: 6/40 [goblin/+0 dagger[Robin] (5)]
  2039 | D:3      | 2039 ||| DRINKING potion of heal wounds.
  2044 | D:3      | HP: 10/40 [Robin/puff of flame (1)]
  2045 | D:3      | Killed Robin
  2045 | D:3      | HP: 3/40 [goblin/+0 dagger[Robin] (3)]
  2046 | D:3      | Slain by a hobgoblin

Levels and vault maps discovered:
D:1:      wheals_arrival_linesprint, layout_basic, serial_forest,
          infiniplex_forest_clump_long, infiniplex_forest_clump_curved,
          infiniplex_forest_join, infiniplex_forest_clump_curved,
          infiniplex_forest_straight_3, infiniplex_forest_clump_double,
          infiniplex_forest_end_double, lemuel_flame_loot_1
D:2:      layout_loops_ring
D:3:      layout_basic, nzn_overflow_gifts_of_might_and_magic,
          ebering_ecumenical_altar_sacrificial, gammafunk_ghost_grave,
          dk_noncrumbling_2, uniq_robin, uniq_jessica, uniq_terence

Skill      XL: |  1  2  3  4 |
---------------+-------------+-----
Ranged Weapons | 4 |  4.2
Fighting       | 3 |  3.1
Dodging        | 3 |  3.2
Stealth        | |  0.7

Action                     |  1- 3 |  4- 6 || total
---------------------------+-------+-------++-------
   Fire: Shortbow          |    97 |    37 ||   134
    Use: Scroll            |     5 |     2 ||     7
         Potion            |     1 |     1 ||     2
 Armour: Leather armour    |    17 |    52 ||    69
  Dodge: Dodged            |    27 |    53 ||    80

Table legend:
 A = Non-vault XP
 B = Vault XP
 C = Vault XP percentage of total XP
 D = Non-vault monster count
 E = Vault monster count
 F = Vault count percentage of total count
                 A         B        C        D         E       F
            +---------+---------+-------+---------+---------+-------
      Total |     102 |      64 |  38.6 |      38 |       8 |  17.4
            +---------+---------+-------+---------+---------+-------
        D:1 |      22 |       0 |   0.0 |      15 |       0 |   0.0
        D:2 |      75 |       0 |   0.0 |      19 |       0 |   0.0
        D:3 |       5 |      64 |  92.8 |       4 |       8 |  66.7
            +---------+---------+-------+---------+---------+-------
